 Dungeon Crawl Stone Soup version 0.29.0-4-gdea44cf6ec (webtiles) character file.

Game seed: 1686006389037112630

65 qw the Chopper (level 4, 0/26 HPs)
             Began as a Tengu Warper on Aug 28, 2022.
             Slain by a gnoll
             ... wielding a +0 vorpal spear
              (1 damage)
             ... on level 2 of the Dungeon.
             The game lasted 00:00:10 (2114 turns).

qw the Chopper (Tengu Warper)                       Turns: 2114, Time: 00:00:10

Health: 0/26       AC:  8    Str: 13    XL:     4   Next: 14%
Magic:  8/8        EV:  6    Int: 13    God:
Gold:   71         SH:  0    Dex: 14    Spells: 7/7 levels left

rFire   . . .      SeeInvis .   Y - +0 hand axe
rCold   . . .      Faith    .   (no shield)
rNeg    . . .      Spirit   .   c - +0 chain mail
rPois   .          Reflect  .   (helmet restricted)
rElec   .          Harm     .   (no cloak)
rCorr   +          Rampage  .   (no gloves)
Will    .....                   (boots unavailable)
Stlth   ..........              (no amulet)
HPRegen 0.08/turn               a - ring of resist corrosion
MPRegen 0.11/turn               (no ring)

@: no status effects
A: beak, talons 3
a: no special abilities


You were on level 2 of the Dungeon.
You visited 1 branch of the dungeon, and saw 2 of its levels.

You collected 71 gold pieces.


Innate Abilities, Weirdness & Mutations

You have a beak for a mouth.
You have claws for feet.


   Skills:
 - Level 2.0 Fighting
 + Level 4.7 Axes
 - Level 1.0 Throwing
 - Level 1.1 Armour
 - Level 2.1 Dodging
 - Level 2.0 Spellcasting
 - Level 2.4 Translocations


You had 7 spell levels left.
You didn't know any spells.
Your spell library contained the following spells:

 Spells                   Type           Power      Damage    Failure   Level
 Blink                    Tloc           14%        N/A       99%         2
 Gell's Gravitas          Tloc           7%         N/A       100%        3
 Lesser Beckoning         Tloc           7%         N/A       100%        3
 Teleport Other           Tloc           7%         N/A       100%        3
 Manifold Assault         Tloc           7%         N/A       100%        5

Inventory:

Hand Weapons
 f - a +0 club
 Y - a +0 hand axe (weapon)
Armour
 c - a +0 chain mail (worn)
Jewellery
 a - a ring of resist corrosion (left hand)
Scrolls
 b - a scroll of summoning {unknown}
Potions
 e - a potion of resistance {unknown}

Dungeon Overview and Level Annotations

Branches:
Dungeon (2/15)

Altars:


Message History

You now have 71 gold pieces (gained 17).
A rat comes into view.
The rat bites the plant.
The plant begins to die.
The rat bites the plant.
The plant begins to die.
The rat bites the plant.
A nearby plant withers and dies. x2
You closely miss the rat. You claw the rat.
You kill the rat! 2 gnolls come into view.
The gnoll shouts!
2102 ||| Stepping ~*~*~tactically~*~*~ (hiding).
You start waiting.
There are monsters nearby!
The gnoll completely misses you. The gnoll barely misses you.
You hit the gnoll. You claw the gnoll.
The gnoll is moderately wounded.
The gnoll hits you from afar with a +0 spear.
The gnoll hits you but does no damage.
You hit the gnoll but do no damage. You claw the gnoll.
The gnoll is moderately wounded.
The gnoll hits you from afar with a +0 spear.
You barely miss the gnoll. Your kick misses the gnoll.
The gnoll is moderately wounded.
A gnoll comes into view. It is wielding a +0 vorpal spear.
The gnoll hits you with a +0 club.
The gnoll hits you from afar with a +0 spear.
You closely miss the gnoll.
The gnoll is moderately wounded.
The gnoll shouts!
The gnoll closely misses you. The gnoll hits you but does no damage.
You hit the gnoll. You claw the gnoll!
You kill the gnoll!
The gnoll hits you but does no damage.
You have reached level 4!
You feel agile. The gnoll barely misses you.
You barely miss the gnoll. You claw the gnoll.
The gnoll is moderately wounded.
The gnoll hits you with a +0 spear.
The gnoll hits you from afar with a +0 vorpal spear.
You die...

#...........# #.
#...#...###.# #.
#...##).###.# #.
...........#.# ..
#.#.#.........#
....#........##
.........#########
.........)......#
......###@...##.
#####+#...g...#
....PPgP.....
.....PP...P...#
.........P.P..#
......P.PP....#
..........PP..#
.....PPP..P...#


You could see 2 gnolls.

Vanquished Creatures
  A gnoll (D:2)
  An adder (D:2)
  A worm (D:2)
  3 giant cockroaches
  4 goblins
  6 hobgoblins
  6 jackals (D:1)
  2 quokkas (D:1)
  7 ball pythons
  5 frilled lizards (D:1)
  2 kobolds (D:1)
  A rat (D:2)
39 creatures vanquished.

Vanquished Creatures (others)
  15 plants
15 creatures vanquished.

Grand Total: 54 creatures vanquished

Notes
Turn   | Place    | Note
-------+----------+-------------------------------------------
     0 | D:1      | qw the Tengu Warper began the quest for the Orb.
     0 | D:1      | Reached XP level 1. HP: 12/12 MP: 4/4
     0 | D:1      | 0 ||| qw: Version: 0.1-a-89-g26bdef1
     0 | D:1      | 0 ||| qw: Game counter: 460
     0 | D:1      | 0 ||| qw: Always use a shield: true
     0 | D:1      | 0 ||| qw: God list: Okawaru
     0 | D:1      | 0 ||| qw: Allow faded altars: false
     0 | D:1      | 0 ||| qw: Do Orc after D:15 true
     0 | D:1      | 0 ||| qw: Do second Lair branch before Depths: true
     0 | D:1      | 0 ||| qw: Lair rune preference: random
     0 | D:1      | 0 ||| qw: Plans: Normal
     0 | D:1      | 0 ||| PLANNING D:1-11
   268 | D:1      | Reached XP level 2. HP: 17/17 MP: 6/6
   322 | D:1      | Reached skill level 3 in Axes
   436 | D:1      | You fall into a shaft and drop 1 floor!
   597 | D:2      | Reached XP level 3. HP: 12/21 MP: 7/7
   667 | D:2      | HP: 4/21 [worm (3)]
   924 | D:2      | 924 ||| READING scroll labelled NIUCID URYAT.
   925 | D:2      | 925 ||| READING scroll labelled TAMIAP ALUO.
   926 | D:2      | 926 ||| DROPPING scroll of blinking.
   932 | D:2      | 932 ||| Stepping ~*~*~tactically~*~*~ (hiding).
   935 | D:2      | Reached skill level 4 in Axes
  1021 | D:1      | 1021 ||| Stepping ~*~*~tactically~*~*~ (stealth).
  1047 | D:1      | 1047 ||| Stepping ~*~*~tactically~*~*~ (stealth).
  1054 | D:1      | 1054 ||| Stepping ~*~*~tactically~*~*~ (stealth).
  1059 | D:1      | 1059 ||| Stepping ~*~*~tactically~*~*~ (stealth).
  1759 | D:1      | Found a faded altar of an unknown god.
  1826 | D:1      | 1826 ||| Stepping ~*~*~tactically~*~*~ (stealth).
  1827 | D:1      | 1827 ||| Stepping ~*~*~tactically~*~*~ (stealth).
  1828 | D:1      | 1828 ||| Stepping ~*~*~tactically~*~*~ (stealth).
  1981 | D:1      | 1981 ||| UPGRADING to +0 chain mail.
  1991 | D:1      | 1991 ||| DROPPING +0 leather armour.
  1992 | D:1      | 1992 ||| UPGRADING to ring of resist corrosion.
  1993 | D:1      | 1993 ||| READING scroll labelled EPLISTR UMUBEL.
  1994 | D:1      | 1994 ||| READING scroll labelled ZUIMETILIR.
  1995 | D:1      | 1995 ||| DRINKING 2 bubbling purple potions.
  1996 | D:1      | 1996 ||| DROPPING potion of brilliance.
  2102 | D:2      | 2102 ||| Stepping ~*~*~tactically~*~*~ (hiding).
  2110 | D:2      | HP: 2/21 [gnoll/+0 spear (5)]
  2113 | D:2      | Reached XP level 4. HP: 3/26 MP: 8/8
  2114 | D:2      | Slain by a gnoll

Levels and vault maps discovered:
D:1:      nagdon_arrival_double_spiral, layout_basic, serial_forest,
          infiniplex_forest_zigzag_1, infiniplex_forest_clump_tiny,
          infiniplex_forest_split, infiniplex_forest_corner_2,
          infiniplex_forest_zigzag_1, infiniplex_forest_split,
          infiniplex_forest_lined_3_way, infiniplex_forest_join,
          hellmonk_ecumenical_altar_inner_sanctum
D:2:      layout_basic, nicolae_grassy_gnolls, uniq_natasha, uniq_jessica

Skill      XL: |  1  2  3 |
---------------+----------+-----
Axes           | 3 4 |  4.7
Fighting       | |  2.0
Throwing       | |  1.0
Armour         | |  1.1
Dodging        | |  2.1
Spellcasting   | |  2.0
Translocations | |  2.4

Action                   |  1- 3 |  4- 6 || total
-------------------------+-------+-------++-------
Melee: Hand axe          |    91 |     1 ||    92
       Peck              |    14 |       ||    14
       Kick              |    21 |     1 ||    22
       Punch             |     2 |       ||     2
Throw: Boomerang         |     7 |       ||     7
  Use: Scroll            |     4 |       ||     4
       Potion            |     1 |       ||     1
 Stab: Distracted        |     1 |       ||     1
Armor: Leather armour    |    25 |       ||    25
       Chain mail        |     3 |       ||     3
Dodge: Dodged            |    47 |     1 ||    48

Table legend:
 A = Non-vault XP
 B = Vault XP
 C = Vault XP percentage of total XP
 D = Non-vault monster count
 E = Vault monster count
 F = Vault count percentage of total count
                 A         B        C        D         E       F
            +---------+---------+-------+---------+---------+-------
      Total |      80 |      14 |  14.9 |      38 |       1 |   2.6
            +---------+---------+-------+---------+---------+-------
        D:1 |      46 |       0 |   0.0 |      27 |       0 |   0.0
        D:2 |      34 |      14 |  29.2 |      11 |       1 |   8.3
            +---------+---------+-------+---------+---------+-------
